 Dungeon Crawl Stone Soup version 0.24-a0-434-gd57e52fea8 (webtiles) character file.

Game seed: 8775548718764316706

112200 Azzok the Severer (level 17, -27/109 HPs)
             Began as a Formicid Fighter on June 15, 2019.
             Was the Champion of Okawaru.
             Killed from afar by Aizul (45 damage)
             ... with a poison arrow
             ... on level 1 of the Shoals.
             The game lasted 00:55:51 (37358 turns).

Azzok the Severer (Formicid Fighter)               Turns: 37358, Time: 00:55:51

Health: -27/109    AC: 25    Str: 32    XL:     17   Next: 14%
Magic:  24/24      EV: 16    Int: 11    God:    Okawaru [******]
Gold:   2405       SH: 24    Dex: 15    Spells: 16/16 levels left

rFire    + + .     SeeInvis +   K - +11 battleaxe of the Mushroom {chop, Str+4}
rCold    + . .     Gourm    .   H - +0 large shield of Fidut {rC+ rN+ Str-2}
rNeg     + . .     Faith    .   p - +1 plate armour {rF+}
rPois    .         Spirit   .   (helmet unavailable)
rElec    +         Reflect  .   r - +0 cloak
rCorr    .         Harm     .   F - +0 pair of gloves
MR       +....                  J - +0 pair of boots
Stlth    ..........             R - amulet of the acrobat
HPRegen  0.28/turn              x - +3 ring of protection
MPRegen  0.19/turn              C - ring of Bayghuf {rElec rF+}

@: mighty, agile, lethally poisoned (-27 -> -51), heroism, finesse, mesmerised,
glowing, very slow
A: permanent stasis, dig shafts and tunnels, four strong arms, antennae 3
a: Dig, Shaft Self, Heroism, Finesse, Renounce Religion


You were on level 1 of the Shoals.
You worshipped Okawaru.
Okawaru was exalted by your worship.
You were not hungry.

You visited 6 branches of the dungeon, and saw 26 of its levels.
You also visited: Volcano.

You collected 3022 gold pieces.
You spent 617 gold pieces at shops.

Inventory:

Hand Weapons
 a - a +5 spear of venom
 b - a +0 broad axe of electrocution
 G - a +0 war axe
 K - the +11 battleaxe of the Mushroom (weapon) {chop, Str+4}
   (Okawaru gifted it to you on level 4 of the Lair of Beasts)

   It inflicts extra damage upon your enemies.
   It affects your strength (+4).
Armour
 p - a +1 plate armour of fire resistance (worn)
 r - a +0 cloak (worn)
 F - a +0 pair of gloves (worn)
 H - the +0 large shield of Fidut (worn) {rC+ rN+ Str-2}
   (Okawaru gifted it to you on level 6 of the Lair of Beasts)

   It affects your strength (-2).
   It protects you from cold.
   It protects you from negative energy.
 J - a +0 pair of boots (worn)
Jewellery
 l - an uncursed ring of protection from fire
 u - an uncursed ring of resist corrosion
 x - a +3 ring of protection (left hand)
 z - a +3 ring of strength
 C - the ring of Bayghuf (right hand) {rElec rF+}
   (You found it on level 10 of the Dungeon)

   [ring of protection from fire]

   It protects you from fire.
   It insulates you from electricity.
 R - an amulet of the acrobat (around neck)
Wands
 g - a wand of iceblast (18)
 n - a wand of digging (7)
 q - a wand of flame (39)
 t - a wand of acid (7)
 y - a wand of paralysis (15)
Scrolls
 e - 3 scrolls of fear
 h - 15 scrolls of remove curse
 i - 4 scrolls of enchant armour
 j - 5 scrolls of immolation
 m - 9 scrolls of enchant weapon
 B - a scroll of fog
 L - 3 scrolls of identify
 O - a scroll of holy word
 Q - 4 scrolls of magic mapping
Potions
 c - 2 potions of haste {unknown}
 d - 3 potions of might
 k - 2 potions of flight
 o - a potion of resistance
 s - 3 potions of curing
 w - 5 potions of mutation {!q}
 A - 4 potions of ambrosia
 D - 2 potions of agility
 M - a potion of invisibility
 N - 2 potions of cancellation
 P - 2 potions of lignification
Comestibles
 f - 38 rations


   Skills:
 - Level 3.2(8.2) Fighting
 + Level 20.6(25.6) Axes
 - Level 10.0(15.0) Armour
 + Level 14.3(19.3) Shields
 - Level 10.0 Invocations
 - Level 10.0 Evocations


You had 16 spell levels left.
You didn't know any spells.
Your spell library contained the following spells:

 Spells                   Type           Power        Failure   Level  Hunger
 Animate Skeleton         Necr           N/A          86%         1    ##.....
 Confusing Touch          Hex            #.....       86%         1    ##.....
 Flame Tongue             Conj/Fire      #....        86%         1    ##.....
 Freeze                   Ice            #...         86%         1    ##.....
 Pain                     Necr           #...         86%         1    ##.....
 Throw Frost              Conj/Ice       #.....       95%         2    ###....
 Confuse                  Hex            #.......     99%         3    ####...
 Conjure Flame            Conj/Fire      #.......     99%         3    ####...
 Gell's Gravitas          Tloc           #.........   99%         3    ####...
 Ignite Poison            Fire/Tmut/Pois #.......     99%         3    ####...
 Mephitic Cloud           Conj/Pois/Air  #.......     99%         3    ####...
 Ozocubu's Armour         Chrm/Ice       #.......     99%         3    ####...
 Regeneration             Chrm/Necr      #.........   99%         3    ####...
 Static Discharge         Conj/Air       #.......     99%         3    ####...
 Vampiric Draining        Necr           #.........   99%         3    ####...
 Airstrike                Air            #.........   100%        4    #####..
 Animate Dead             Necr           N/A          100%        4    #####..
 Ice Form                 Ice/Tmut       #.......     100%        4    #####..
 Petrify                  Tmut/Erth      #.......     100%        4    #####..
 Summon Ice Beast         Ice/Summ       #.......     100%        4    #####..
 Throw Icicle             Conj/Ice       #.......     100%        4    #####..
 Metabolic Englaciation   Hex/Ice        #.........   100%        5    ######.
 Yara's Violent Unravell  Hex/Tmut       #.........   100%        5    ######.
 Bolt of Cold             Conj/Ice       #.........   100%        6    #######
 Freezing Cloud           Conj/Ice/Air   #.........   100%        6    #######
 Ozocubu's Refrigeration  Ice            #.........   100%        6    #######
 Simulacrum               Ice/Necr       #.........   100%        6    #######


Dungeon Overview and Level Annotations

Branches:
Dungeon (15/15)            Temple (1/1) D:6            Lair (6/6) D:9
 Shoals (1/4) Lair:3        Snake (1/4) Lair:2        Slime (0/5) Lair:5
    Orc (2/2) D:10            Elf (0/3) Orc:2        Vaults (0/5) D:14
 Depths (0/5) D:15

Altars:
Ashenzari
Dithmenos
Elyvilon
Fedhas
Gozag
Hepliaklqana
Makhleb
Nemelex Xobeh
Okawaru
Qazlal
Ru
Sif Muna
Trog
Uskayaw
Vehumet
Wu Jian
Xom
Zin
The Shining One
Beogh
Jiyva

Shops:
D:4 :   D:8 !:   D:12 !   Orc:2 !*:*

Portals:
Trove: D:11 (give +4 storm dragon scales)

Annotations:
D:11 1 runed translucent door, aaksess's ghost, journeyman KoAs
Lair:2 exclusion: 3 oklob plants
Lair:4 3 runed translucent doors, exclusion: 2 oklob plants, Ratty's ghost, journeyman DEFE
Shoals:1 Aizul


Innate Abilities, Weirdness & Mutations

You cannot be hasted, slowed, berserked, paralysed or teleported.
You can dig through walls and to a lower floor.
Your four strong arms can wield two-handed weapons with a shield.
You have a pair of large antennae on your head. (SInv)


Message History

You block the merfolk's attack.
The manticore bites you but does no damage.
You block the manticore's attack. The manticore completely misses you.
You block the snapping turtle's attack.
The merfolk siren chants its luring song.
The merfolk impaler hits you but does no damage.
You are poisoned.
The wind drake flaps its wings at you. The air twists around and strikes you!
* * * LOW HITPOINT WARNING * * *
You feel very mighty all of a sudden.
You feel sick.
The pull of its song draws you forwards.
The merfolk impaler closely misses you.
The merfolk avatar chants its luring song.
You block the manticore's attack. x2; The manticore misses you.
Aizul coils herself and waves her upper body at you.
The poison arrow hits you!!!
You are lethally poisoned!
You die...

≈≈≈≈≈≈≈≈≈≈≈≈≈≈≈H≈≈
≈≈≈≈≈≈≈≈≈≈≈··≈≈≈≈≈≈
≈≈≈≈≈≈≈≈≈≈[···≈··≈≈
≈≈≈≈≈≈≈≈≈≈≈·······≈
≈≈≈≈≈≈≈≈<≈····(▒
≈≈≈≈≈≈≈≈†$†≈≈·(▒▒
≈≈≈≈≈≈≈m≈≈≈)≈≈··▒
≈≈≈≈≈≈≈≈St≈≈(≈·▒▒
≈≈≈≈≈≈m@Hm)((≈··▒
≈≈≈≈≈≈≈≈≈m)·····▒
≈≈≈≈≈≈≈≈≈··▒H··▒▒
≈≈≈≈≈≈≈≈≈·▒▒··▒▒
≈≈≈≈≈≈≈≈≈▒▒▒·[▒
····(·≈k≈≈ |···
···▒▒▒·≈≈≈ ≈{≈{≈
··· ▒≈≈≈≈≈≈≈≈≈≈≈


You could see Aizul, a merfolk avatar, a merfolk impaler, a snapping turtle, a
wind drake, a merfolk, 2 manticores and a merfolk siren.

Vanquished Creatures
  A dire elephant (Lair:6)
  3 fire dragons
  A merfolk impaler (Shoals:1)
  Josephine (D:15)
  7 hydras
  A naga warrior (Snake:1)
  Erolcha (D:10)
  2 catoblepae
  2 centaur warriors
  6 two-headed ogres
  2 tengu warriors (D:15)
  7 orc high priests (Orc:2)
  A shock serpent (Snake:1)
  3 death yaks (Lair:6)
  Nergalle (D:10)
  A shock serpent (shapeshifter) (D:15)
  12 skeletal warriors
  2 sea snakes (Shoals:1)
  2 lindwurms (Lair:6)
  2 necromancers
  A phantasmal warrior (D:14)
  5 harpies (Shoals:1)
  3 orc knights
  3 deep elf magi
  10 ugly things
  3 salamanders (Volcano)
  3 fauns (Shoals:1)
  7 manticores
  6 cyclopes
  2 water nymphs (Shoals:1)
  A merfolk siren (Shoals:1)
  9 elephants
  Maurice (D:12)
  6 black mambas
  15 spiny frogs
  A naga mage (Snake:1)
  A torpor snail (Lair:6)
  10 rime drakes
  7 komodo dragons
  2 hornets
  11 trolls
  9 polar bears (Lair:6)
  3 meliai (D:15)
  A wind drake (Shoals:1)
  10 slime creatures
  4 blink frogs (Lair:5)
  5 raiju (Lair:6)
  3 dream sheep (Lair:6)
  12 hippogriffs
  A spriggan (shapeshifter) (D:15)
  A shadow (D:15)
  Eustachio (D:6)
  3 wraiths (D:15)
  11 wyverns
  5 fire bats (Volcano)
  6 basilisks
  33 yaks
  A steam dragon (Volcano)
  A hungry ghost (D:7)
  10 wargs
  2 acid dragons
  2 soldier ants
  17 water moccasins
  9 porcupines
  14 hell hounds
  29 orc warriors
  A black bear (shapeshifter) (D:13)
  13 black bears
  3 ice beasts
  3 sky beasts
  12 centaurs
  A necrophage (D:10)
  17 ogres
  2 phantoms
  24 wolves
  13 crocodiles
  A big kobold (D:7)
  19 bullfrogs
  4 gnoll sergeants
  2 wyvern zombies
  A wyvern skeleton (D:7)
  A water moccasin zombie (D:8)
  4 scorpions
  11 killer bees
  4 howler monkeys
  8 wights (D:14)
  A bullfrog zombie (D:10)
  5 electric eels
  6 crimson imps
  2 centaur zombies
  A quasit (D:12)
  44 orc priests
  5 centaur skeletons
  9 hounds
  5 jellies
  Crazy Yiuf (D:2)
  A gnoll shaman (D:8)
  26 orc wizards
  3 bullfrog skeletons
  6 iguanas
  4 worker ants
  5 polar bear simulacra (Lair:3)
  3 yak simulacra (Lair:3)
  A killer bee zombie (D:6)
  A hound skeleton (D:5)
  Robin (D:2)
  A worker ant zombie (D:9)
  10 adders
  33 gnolls
  6 shadow imps
  An ooze (D:7)
  4 adder skeletons
  4 worms
  3 leopard geckos
  130 orcs
  7 giant cockroaches
  8 hobgoblins
  11 jackals
  13 kobolds
  7 quokkas
  2 ball pythons (D:3)
  A ball python skeleton (D:4)
  8 bats
  2 frilled lizards
  12 goblins
  9 rats
  3 river rat simulacra (Lair:3)
  5 fungi
  5 plants
917 creatures vanquished.

Vanquished Creatures (others)
  A polar bear (Lair:6)
  A steam dragon (Volcano)
  A wyvern (Volcano)
  12 fungi
  61 plants
76 creatures vanquished.

Grand Total: 993 creatures vanquished

Notes
Turn   | Place    | Note
-------+----------+-------------------------------------------
     0 | D:1      | Azzok the Formicid Fighter began the quest for the Orb.
     0 | D:1      | Reached XP level 1. HP: 18/18 MP: 1/1
   100 | D:1      | Reached XP level 2. HP: 24/24 MP: 2/2
   569 | D:1      | Reached XP level 3. HP: 29/29 MP: 3/3
   854 | D:2      | Noticed Robin
   867 | D:2      | Killed Robin
   867 | D:2      | Reached skill level 3 in Axes
   868 | D:2      | Reached XP level 4. HP: 21/35 MP: 4/4
  1312 | D:2      | Reached skill level 5 in Shields
  1398 | D:2      | Found a hazy altar of Hepliaklqana.
  1671 | D:2      | Found an opulent altar of Gozag.
  2059 | D:2      | Found a runed translucent door.
  2060 | D:2      | Noticed Crazy Yiuf
  2070 | D:2      | Killed Crazy Yiuf
  2070 | D:2      | Reached XP level 5. HP: 15/41 MP: 5/5
  2348 | D:3      | Reached skill level 4 in Axes
  2476 | D:3      | Reached XP level 6. HP: 47/47 MP: 6/6
  3139 | D:3      | Noticed an ogre
  3154 | D:3      | Killed an ogre
  3159 | D:3      | Reached skill level 5 in Axes
  3159 | D:3      | Reached XP level 7. HP: 31/52 MP: 7/7
  3663 | D:4      | Found Oqizu's Book Boutique.
  3962 | D:4      | Found a glowing golden altar of the Shining One.
  3962 | D:4      | Found a blossoming altar of Fedhas.
  3962 | D:4      | Found a white marble altar of Elyvilon.
  3962 | D:4      | Found a burning altar of Makhleb.
  4041 | D:4      | Found a bloodstained altar of Trog.
  4041 | D:4      | Found a sparkling altar of Nemelex Xobeh.
  4479 | D:5      | Entered Level 5 of the Dungeon
  4727 | D:5      | Reached skill level 6 in Axes
  4727 | D:5      | Reached XP level 8. HP: 58/58 MP: 8/8
  5540 | D:6      | Reached skill level 7 in Axes
  5802 | D:6      | Found a staircase to the Ecumenical Temple.
  5810 | Temple   | Entered the Ecumenical Temple
  5819 | Temple   | Became a worshipper of Warmaster Okawaru
  5872 | D:6      | Noticed Eustachio
  5884 | D:6      | Killed Eustachio
  5884 | D:6      | Reached XP level 9. HP: 62/64 MP: 8/10
  6261 | D:7      | Found a shimmering altar of Xom.
  6360 | D:7      | Reached skill level 8 in Axes
  6626 | D:7      | Reached * piety under Okawaru
  6727 | D:7      | You fall into a shaft and drop 2 floors!
  6727 | D:9      | Found a staircase to the Lair.
  6783 | D:9      | Reached skill level 5 in Invocations
  6863 | D:9      | Noticed a two-headed ogre
  6884 | D:9      | Killed a two-headed ogre
  6884 | D:9      | Reached ** piety under Okawaru
  6884 | D:9      | Reached skill level 9 in Axes
  6926 | D:9      | Reached XP level 10. HP: 45/70 MP: 12/15
  7332 | D:9      | Reached skill level 10 in Axes
  8003 | D:8      | Reached *** piety under Okawaru
  8289 | D:8      | Found Roexun's Book Shoppe.
  8656 | D:8      | Found Vammuyth's Distillery.
  8660 | D:8      | Reached **** piety under Okawaru
  8727 | D:8      | Bought a potion of magic for 104 gold pieces
  8727 | D:8      | Bought a potion of heal wounds for 65 gold pieces
  8727 | D:8      | Bought a potion of degeneration for 13 gold pieces
  8939 | D:8      | Reached skill level 11 in Axes
  9438 | D:7      | Reached skill level 10 in Invocations
  9630 | D:7      | Found a shadowy altar of Dithmenos.
  9893 | D:7      | Reached XP level 11. HP: 66/75 MP: 18/18
 10058 | D:9      | Noticed a two-headed ogre
 10071 | D:9      | Killed a two-headed ogre
 10347 | D:9      | Reached skill level 12 in Axes
 10821 | D:10     | Entered Level 10 of the Dungeon
 10821 | D:10     | Noticed Nergalle
 10846 | D:10     | Killed Nergalle
 11115 | D:10     | Got a flickering lapis lazuli ring
 11116 | D:10     | Identified the ring of Bayghuf {rElec rF+} (You found it on
                  | level 10 of the Dungeon)
 11209 | D:10     | Reached ***** piety under Okawaru
 11243 | D:10     | Reached skill level 13 in Axes
 11462 | D:10     | Noticed Erolcha
 11481 | D:10     | Killed Erolcha
 11481 | D:10     | Received a gift from Okawaru
 12894 | D:10     | Noticed an orc knight
 12960 | D:10     | Killed an orc knight
 13524 | D:10     | Found a roughly hewn altar of Beogh.
 13524 | D:10     | Found a staircase to the Orcish Mines.
 13644 | D:11     | Reached skill level 14 in Axes
 13651 | D:11     | Reached skill level 1 in Evocations
 13678 | D:11     | Reached XP level 12. HP: 71/81 MP: 19/19
 13931 | D:11     | Found a runed translucent door.
 13932 | D:11     | Noticed aaksess's ghost (journeyman KoAs)
 13942 | D:11     | Noticed a six-headed hydra
 13955 | D:11     | Killed a six-headed hydra
 14066 | D:11     | Found a portal to a secret trove of treasure.
 14616 | D:11     | Reached skill level 5 in Evocations
 14808 | D:11     | Noticed a six-headed hydra
 14821 | D:11     | Killed a six-headed hydra
 14821 | D:11     | Received a gift from Okawaru
 15377 | Lair:1   | Entered Level 1 of the Lair of Beasts
 15500 | Lair:1   | Found a dark tunnel.
 15650 | Volcano  | Entered a volcano
 15826 | Volcano  | Reached skill level 15 in Axes
 16251 | Volcano  | Noticed a two-headed ogre
 16265 | Volcano  | Killed a two-headed ogre
 16602 | Volcano  | Noticed a two-headed ogre
 16629 | Volcano  | Killed a two-headed ogre
 16629 | Volcano  | Reached XP level 13. HP: 44/86 MP: 18/20
 17343 | Volcano  | Noticed a fire dragon
 17385 | Volcano  | Killed a fire dragon
 18782 | Lair:1   | Reached skill level 16 in Axes
 19496 | Lair:1   | Reached skill level 10 in Evocations
 19547 | Lair:1   | Received a gift from Okawaru
 19911 | Lair:2   | Got a clouded granite ring
 20026 | Lair:2   | Identified the ring "Suazxyw" {rElec Int+4} (You found it
                  | on level 2 of the Lair of Beasts)
 20112 | Lair:2   | Noticed a four-headed hydra
 20127 | Lair:2   | Killed a four-headed hydra
 20208 | Lair:2   | Found a staircase to the Snake Pit.
 21095 | Lair:3   | Found a staircase to the Shoals.
 21428 | Lair:3   | Noticed a seven-headed hydra
 21446 | Lair:3   | Killed a seven-headed hydra
 21737 | Lair:3   | Got a sparkling pewter ring
 22463 | Lair:4   | Noticed a four-headed hydra
 22480 | Lair:4   | Killed a four-headed hydra
 22480 | Lair:4   | Reached skill level 17 in Axes
 22561 | Lair:4   | Reached XP level 14. HP: 69/93 MP: 21/21
 22894 | Lair:4   | Received a gift from Okawaru
 23695 | Lair:4   | Found a stormy altar of Qazlal.
 23751 | Lair:4   | Received a gift from Okawaru
 23759 | Lair:4   | Got a shimmering battleaxe {god gift}
 23945 | Lair:4   | Identified the +11 battleaxe of the Mushroom {chop, Str+4}
                  | (Okawaru gifted it to you on level 4 of the Lair of Beasts)
 23946 | Lair:4   | Identified the ring "Xuon Afe" {Dex+6 Stlth+} (You found it
                  | on level 3 of the Lair of Beasts)
 23972 | Lair:4   | Found a runed translucent gate.
 23972 | Lair:4   | Found a runed translucent gate.
 23974 | Lair:4   | Found a runed translucent gate.
 23975 | Lair:4   | Noticed Ratty's ghost (journeyman DEFE)
 24520 | Lair:5   | Reached skill level 5 in Armour
 24657 | Lair:5   | Found a staircase to the Slime Pits.
 24658 | Lair:5   | Found a viscous altar of Jiyva.
 25376 | Lair:6   | Entered Level 6 of the Lair of Beasts
 25404 | Lair:6   | Received a gift from Okawaru
 25420 | Lair:6   | Got a transparent large shield {god gift}
 25763 | Lair:6   | Reached skill level 18 in Axes
 26690 | Lair:6   | Reached XP level 15. HP: 88/98 MP: 22/22
 27034 | Lair:6   | Identified the +0 large shield of Fidut {rC+ rN+ Str-2}
                  | (Okawaru gifted it to you on level 6 of the Lair of Beasts)
 27104 | Lair:6   | Reached ****** piety under Okawaru
 27239 | Lair:6   | Received a gift from Okawaru
 27239 | Lair:6   | Reached skill level 10 in Armour
 27240 | Lair:6   | Found the +7 Kryia's mail coat {PotionHeal*2 rC+}
 27449 | Lair:6   | Identified Jagru's Guide on Weightlessness and the Blaze
 28060 | Orc:1    | Entered Level 1 of the Orcish Mines
 28076 | Orc:1    | Reached skill level 19 in Axes
 28445 | Orc:2    | Entered Level 2 of the Orcish Mines
 28965 | Orc:1    | Reached skill level 10 in Shields
 29752 | Orc:2    | Found Uzais's Assorted Antiques.
 29752 | Orc:2    | Found Roxt's Book Shoppe.
 30671 | Orc:2    | Found Jetaapn's Distillery.
 30671 | Orc:2    | Found Vakoeh's Assorted Antiques.
 30816 | Orc:2    | Bought a potion of cancellation for 120 gold pieces
 30816 | Orc:2    | Bought a potion of might for 60 gold pieces
 30816 | Orc:2    | Bought a potion of heal wounds for 75 gold pieces
 30855 | Orc:2    | Found a staircase to the Elven Halls.
 30938 | Orc:2    | Found a roughly hewn altar of Beogh.
 31377 | D:12     | Found Naunleze's Distillery.
 31486 | D:12     | Bought 2 potions of heal wounds for 100 gold pieces
 31486 | D:12     | Bought a potion of mutation for 80 gold pieces
 31727 | D:12     | Noticed Maurice
 31737 | D:12     | Killed Maurice
 31859 | D:13     | Received a gift from Okawaru
 31859 | D:13     | Reached XP level 16. HP: 92/104 MP: 23/23
 33370 | D:14     | Received a gift from Okawaru
 33986 | D:14     | Found a gate to the Vaults.
 34173 | D:15     | Entered Level 15 of the Dungeon
 34192 | D:15     | Reached skill level 20 in Axes
 34555 | D:15     | Noticed Josephine
 34570 | D:15     | Killed Josephine
 35033 | D:15     | Found a staircase to the Depths.
 36671 | D:15     | Found a shadowy altar of Dithmenos.
 36882 | Snake:1  | Entered Level 1 of the Snake Pit
 37304 | Shoals:1 | Entered Level 1 of the Shoals
 37313 | Shoals:1 | Reached XP level 17. HP: 47/109 MP: 22/24
 37313 | Shoals:1 | Noticed Aizul
 37331 | Shoals:1 | HP: 2/109 [water nymph/the raging water (34)]
 37345 | Shoals:1 | HP: 4/109 [merfolk impaler/+2 trident of venom (7)]
 37356 | Shoals:1 | HP: 5/109 [snapping turtle (2)]
 37358 | Shoals:1 | Killed from afar by Aizul

Levels and vault maps discovered:
D:1:      nzn_arrival_settlement, layout_basic
D:2:      layout_basic, lemuel_round_altar, nicolae_overflow_crystal_walls,
          uniq_robin, uniq_crazy_yiuf_cottage
D:3:      layout_loops_ring, minmay_divided_ellipse
D:4:      layout_loops_corners, minmay_overflow_temple_hex, first_ration,
          serial_shops, kennysheep_little_box
D:5:      layout_loops_ring, kennysheep_generic_room_6
D:6:      layout_rooms, minmay_temple_entry_arrows, hangedman_decor_peaks_small,
          uniq_eustachio
D:7:      layout_loops_corners, xom_butterflies, kennysheep_mini_moat
D:8:      layout_cave_pools, serial_gnoll_camp, gnoll_camp_mini_shop,
          gnoll_camp_mini_shop, gnoll_camp_mini_loothouse, gnoll_camp_huts_moat,
          gnoll_camp_mini_house, minmay_crossroads
D:9:      layout_long_grid, dpeg_oklobed_lair, enter_bailey_8, grunt_ogre_cave
D:10:     layout_long_grid, david_orc_5, uniq_erolcha, uniq_nergalle
D:11:     layout_loops_ring, nicolae_trove_entry_crossroad,
          hellmonk_ghost_happy_afterlife, gauntlet_entry_generic
D:12:     layout_roguey, serial_shops, shop, uniq_maurice
D:13:     layout_basic
D:14:     layout_cave_pools, david_vaults_4, hangedman_decor_lopped
D:15:     grunt_enter_depths_hoard, layout_layer_cave, minmay_misc_feat_chi,
          grunt_dithmenos_shadows, uniq_josephine
Temple:   nicolae_temple_x_marks_the_god
Lair:1:   layout_hall_layers, enter_volcano_3, beast_lair_carwin_7
Lair:2:   dpeg_oklob_gauntlet, layout_misc_corridors, dummy_snake_entry,
          chequers_serial_rivers_micro_b, st_stairs_6, grunt_megastairs_1,
          serial_bayou_shore_a
Lair:3:   layout_regular_city, shoals_dummy_entry, eino_house_with_fridge
Lair:4:   layout_roguey, gammafunk_ghost_necromancy, basic_altar, st_stairs_5,
          minmay_lair_oklob_chamber, grunt_megastairs_3
Lair:5:   layout_regular_city, slime_altar_1, beast_lair_carwin_11
Lair:6:   hangedman_lair_caniforms_friends, layout_long_grid,
          hangedman_lair_in_review, infiniplex_staircase_pool
Shoals:1: layout_shoals, uniq_aizul
Snake:1:  layout_rooms, ebering_ghost_reflecting_pool, serial_shops,
          nicolae_shop_crystal
Orc:1:    layout_caves
Orc:2:    st_orc_town, layout_caves

Skill      XL: |  1  2  3  4  5  6  7  8  9 10 11 12 13 14 15 16 |
---------------+-------------------------------------------------+-----
Shields        | 4 5 6 7 9 11 14 | 14.3
Axes           | 3 4 5 6 7 9 11 14 15 17 18 19 20 | 20.6
Invocations    | 2 7 10 | 10.0
Evocations     | 1 7 10 | 10.0
Armour         | 8 10 | 10.0
Fighting       | |  3.2

Action                   |  1- 3 |  4- 6 |  7- 9 | 10-12 | 13-15 | 16-18 || total
-------------------------+-------+-------+-------+-------+-------+-------++-------
Melee: War axe           |    69 |    58 |       |       |       |       ||   127
       Quarterstaff      |       |    88 |   276 |    41 |       |       ||   405
       Spear             |       |       |       |  1073 |   289 |       ||  1362
       Broad axe         |       |       |       |       |   249 |       ||   249
       Battleaxe         |       |       |       |       |   670 |   372 ||  1042
Invok: Heroism           |       |       |     2 |    17 |    18 |     6 ||    43
       Finesse           |       |       |       |       |     5 |     2 ||     7
Evoke: Wand              |       |     1 |       |     2 |     3 |    11 ||    17
  Use: Scroll            |       |       |     2 |    16 |     9 |     6 ||    33
       Potion            |       |       |       |     1 |     3 |    15 ||    19
 Stab: Confused          |       |     1 |       |       |       |       ||     1
       Paralysed         |       |     2 |     2 |       |       |       ||     4
       Petrified         |       |       |       |       |     1 |       ||     1
  Eat: Chunk             |       |     7 |    12 |    17 |    38 |     5 ||    79
       Ration            |       |       |     1 |     4 |     3 |     4 ||    12
Armor: Scale mail        |    35 |    45 |    96 |   151 |       |       ||   327
       Plate armour      |       |       |       |    41 |   395 |   167 ||   603
Dodge: Dodged            |    25 |    40 |    81 |   206 |   224 |    88 ||   664
Block: Shield            |    48 |    72 |   143 |   469 |   613 |   170 ||  1515
       Large shield      |       |       |       |       |       |   141 ||   141

Table legend:
 A = Non-vault XP
 B = Vault XP
 C = Vault XP percentage of total XP
 D = Non-vault monster count
 E = Vault monster count
 F = Vault count percentage of total count
                 A         B        C        D         E       F
            +---------+---------+-------+---------+---------+-------
      Total |  103698 |   56589 |  35.3 |     616 |     292 |  32.2
            +---------+---------+-------+---------+---------+-------
        D:1 |      31 |       0 |   0.0 |      14 |       0 |   0.0
        D:2 |      77 |      68 |  46.9 |      20 |       8 |  28.6
        D:3 |     166 |     230 |  58.1 |      32 |      13 |  28.9
        D:4 |     297 |       0 |   0.0 |      17 |       0 |   0.0
        D:5 |     592 |       0 |   0.0 |      17 |       0 |   0.0
        D:6 |     361 |     214 |  37.2 |      10 |       1 |   9.1
        D:7 |     979 |       0 |   0.0 |      25 |       0 |   0.0
        D:8 |    1482 |     756 |  33.8 |      27 |      36 |  57.1
        D:9 |    4103 |     394 |   8.8 |      39 |       6 |  13.3
       D:10 |    2736 |    2893 |  51.4 |      26 |      22 |  45.8
       D:11 |    6823 |       0 |   0.0 |      41 |       0 |   0.0
       D:12 |    3929 |     445 |  10.2 |      15 |       1 |   6.2
       D:13 |   10839 |       0 |   0.0 |      27 |       0 |   0.0
       D:14 |    6334 |    1487 |  19.0 |      33 |       3 |   8.3
       D:15 |   15387 |    3829 |  19.9 |      30 |       7 |  18.9
     Lair:1 |    2526 |    3908 |  60.7 |      12 |      13 |  52.0
     Lair:2 |    2931 |     523 |  15.1 |      16 |       2 |  11.1
     Lair:3 |    3209 |     897 |  21.8 |      13 |      12 |  48.0
     Lair:4 |    4329 |    1808 |  29.5 |      15 |       5 |  25.0
     Lair:5 |    6417 |    1970 |  23.5 |      26 |       7 |  21.2
     Lair:6 |    7323 |   21502 |  74.6 |      27 |      77 |  74.0
   Shoals:1 |   10872 |       0 |   0.0 |      20 |       0 |   0.0
    Snake:1 |    3566 |       0 |   0.0 |       6 |       0 |   0.0
      Orc:1 |    4631 |       0 |   0.0 |      53 |       0 |   0.0
      Orc:2 |    3758 |    6755 |  64.3 |      55 |      54 |  49.5
    Volcano |       0 |    8910 | 100.0 |       0 |      25 | 100.0
            +---------+---------+-------+---------+---------+-------
